 Dungeon Crawl Stone Soup version 5.7-8-g3a8b389 (webtiles) character file.

77944 Thrkk the Fighter (level 17, -4/147 HPs)
             Began as a Demonspawn Torpor Knight on Sept 26, 2018.
             Was a High Priest of Cheibriados.
             Killed from afar by a storm dragon (24 damage)
             ... with a bolt of lightning
             ... on level 3 of the Vaults.
             The game lasted 01:15:51 (24929 turns).

Thrkk the Fighter (Demonspawn Torpor Knight)       Turns: 24929, Time: 01:15:55

Health: -4/147     AC: 22 (34%)Str: 27  XL:     17   Next: 75%
Magic:  36/40      EV: 19    Int: 35    God:    Cheibriados [5*[147]]
Gold:   540        SH: 10    Dex: 27    Spells: 21/41 levels left

rFire    + + .     SeeInvis .     - Unarmed
rCold    . . .     Faith    .   u - +2 buckler
rNeg     + . .     Spirit   .   A - +4 fire dragon scales
rPois    +         Reflect  .   o - +0 helmet
rElec    .                      M - +0 cloak
rCorr    +                      (gloves unavailable)
MR       +....                  q - +0 pair of boots
Stlth    +.........             k - amulet of regeneration
Regen    0.8/turn               N - ring "Ydam" {rCorr rPois rN+ Str-5 Int+9}
MPRegen  0.7/turn               G - ring of ice

@: marked, very slightly contaminated, drained, very slow
A: claws 3, rugged brown scales 2, demonic guardian 2, powered by death 2
}: 1/9 runes: gossamer
a: Bend Time, Temporal Distortion, Slouch, Step From Time, Renounce Religion


You were on level 3 of the Vaults.
You worshipped Cheibriados.
Cheibriados was extremely pleased with you.
You were not hungry.

You visited 5 branches of the dungeon, and saw 24 of its levels.
You visited the bazaar 4 times.

You collected 2292 gold pieces.
You spent 1752 gold pieces at shops.

Inventory:

Missiles
 f - 190 tomahawks
 g - 217 javelins (quivered)
 i - 491 poisoned darts
 J - 10 exploding tomahawks
Armour
 a - a +0 plate armour of ponderousness
 n - a +0 shield
 o - a +0 helmet (worn)
 q - a +0 pair of boots (worn)
 u - a +2 buckler (worn)
 A - +4 fire dragon scales (worn)
 K - a +3 chain mail of poison resistance
 M - a +0 cloak (worn)
Jewellery
 k - an amulet of regeneration (around neck)
 t - a +3 ring of evasion
 C - a +5 ring of intelligence
 F - an uncursed ring of resist corrosion
 G - a ring of ice (right claw)
 N - the ring "Ydam" (left claw) {rCorr rPois rN+ Str-5 Int+9}
   (You bought it in a shop in a bazaar)

   [ring of resist corrosion]

   It affects your strength (-5).
   It affects your intelligence (+9).
   It protects you from poison.
   It protects you from negative energy.
 O - a +3 ring of protection
Wands
 h - a wand of digging (6)
 v - a wand of iceblast (9)
 w - a wand of flame (26)
 B - a wand of lightning (7)
 E - a wand of enslavement (8)
 L - a wand of disintegration (5)
Scrolls
 e - 4 scrolls of amnesia
 m - 2 scrolls of fog
 p - 4 scrolls of enchant weapon
 s - a scroll of blinking
 x - a scroll of magic mapping
 y - a scroll of brand weapon
Potions
 b - 4 potions of flight
 c - 17 potions of mutation
 d - 3 potions of magic
 j - a potion of ambrosia
 l - a potion of augmentation
 z - 3 potions of invisibility
 D - 2 potions of lignification
Miscellaneous
 I - 2 phantom mirrors


   Skills:
 + Level 14.7(14.4) Fighting
 - Level 12.1(11.8) Armour
 - Level 8.6(8.3) Dodging
 - Level 11.1(10.8) Shields
 - Level 13.1(12.8) Unarmed Combat
 + Level 13.5(13.2) Summonings
 - Level 4.7(4.4) Ice Magic
 - Level 11.0(10.7) Invocations


You had 21 spell levels left.
You knew the following spells:

 Your Spells              Type           Power        Failure   Level  Hunger
a - Summon Butterflies    Summ           76 (100)     1%          1    N/A
b - Cause Fear            Hex            0 (200)      82%         4    N/A
c - Aura of Abjuration    Summ           76 (200)     1%          5    N/A
d - Summon Ice Beast      Ice/Summ       76 (100)     3%          4    N/A
e - Shadow Creatures      Summ           N/A          9%          6    N/A

Your spell library contained the following spells:

 Spells                   Type           Power        Failure   Level  Hunger
 Magic Dart               Air            0 (25)       14%         1    N/A
 Fireball                 Fire           0 (200)      99%         5    N/A
 Bolt of Fire             Fire           0 (200)      100%        6    N/A
 Mephitic Cloud           Hex/Air        0 (100)      82%         4    N/A
 Ring of Flames           Chrm/Fire      0 (200)      100%        7    N/A
 Death's Door             Chrm/Necr      0 (200)      100%        8    N/A
 Haunt                    Necr/Summ      47 (200)     100%        7    N/A
 Borgnjor's Revivificati  Necr           0 (200)      100%        8    N/A
 Ozocubu's Refrigeration  Ice            49 (200)     100%        7    N/A
 Summon Demon             Summ           76 (200)     1%          5    N/A
 Recall                   Summ/Tloc      N/A          2%          3    N/A
 Dragon Form              Tmut           0 (200)      100%        7    N/A
 Necromutation            Tmut/Necr      0 (200)      100%        6    N/A
 Deflect Missiles         Chrm/Air       0 (200)      100%        6    N/A
 Passwall                 Tmut/Erth      0 (200)      22%         2    N/A
 Ignite Poison            Fire/Tmut      0 (100)      41%         3    N/A
 Call Canine Familiar     Summ           76 (100)     1%          3    N/A
 Ensorcelled Hibernation  Hex/Ice        24 (50)      9%          2    N/A
 Silence                  Hex/Air        0 (200)      82%         4    N/A
 Shatter                  Erth           0 (200)      100%        9    N/A
 Lee's Rapid Deconstruct  Erth           0 (200)      99%         5    N/A
 Sandblast                Erth           0 (25)       14%         1    N/A
 Conjure Ball Lightning   Air            0 (200)      100%        7    N/A
 Petrify                  Tmut/Erth      0 (100)      82%         4    N/A
 Passage of Golubria      Tloc           N/A          82%         4    N/A
 Orb of Destruction       Erth           0 (200)      100%        7    N/A
 Summon Hydra             Summ           76 (200)     45%         7    N/A
 Darkness                 Hex            0 (200)      100%        7    N/A
 Iskenderun's Battlesphe  Chrm/Summ      47 (100)     26%         5    N/A
 Fulminant Prism          Air            0 (200)      99%         5    N/A
 Force Lance              Tloc/Erth      0 (100)      41%         3    N/A
 Searing Ray              Fire           0 (50)       22%         2    N/A
 Summon Forest            Summ/Tloc      47 (200)     26%         5    N/A
 Dragon's Call            Summ           76 (200)     100%        9    N/A
 Spellforged Servitor     Summ           76 (200)     45%         7    N/A
 Summon Mana Viper        Hex/Summ       47 (100)     26%         5    N/A
 Infestation              Hex/Necr       0 (200)      100%        7    N/A
 Ignition                 Fire           0 (200)      100%        8    N/A

Dungeon Overview and Level Annotations

Branches:
Dungeon (15/15) Spider (3/3) Orc:2 Slime (0/3) Orc:2 Vaults:3 Orc (2/2) D:15 Vaults (3/3) Spider:3 Depths (0/3) D:15 Vaults:3 Bazaar (1/1) Swamp: Orc:2 Shoals: Orc:2

Altars:
Cheibriados
Dithmenos
Elyvilon
Gozag
Jiyva
Kikubaaqudgha
Lugonu
Makhleb
Nemelex Xobeh
Okawaru
Qazlal
Ru
Sif Muna
Trog
Uskayaw
Vehumet
Wu Jian
Xom
Yredelemnul
Zin
The Shining One

Shops:
Bazaar *=[(:(


Innate Abilities, Weirdness & Mutations

You have claws for hands.
You are mostly covered in rugged brown scales. (AC +2, +5% HP)
A demonic guardian rushes to your aid.
You regenerate health from kills.


Message History

You swap places.
An orc comes into view.
The shadow dragon bites your ice devil (16)!
The shadow dragon claws your ice devil (3).
The shadow dragon completely misses your ice devil.
A lich comes into view.
The storm dragon bites your ice devil (18)!!
Your ice devil dies!
An ironbrand convoker comes into view. It is wielding a +0 great mace.
The shadow dragon breathes negative energy at you.
The bolt of negative energy hits your butterfly (37).
Your butterfly is drained!
Your butterfly dies!
The bolt of negative energy hits you! You partially resist.
You feel drained.
That hurt (6)!
* * * LOW HITPOINT WARNING * * *
The storm dragon breathes lightning at you.
The bolt of lightning misses your butterfly.
The bolt of lightning hits you!
That hurt (24)!
You die...

*,,***,.p*#.,,**,,,##...#*
*,,* **pp#",,,***,.#D...#*
*,,****#pp.,,,***#......##
*,,*,,,ooCL,,,,...........
*,,*,,,,DD##*#......####4b
*,,*,,,,#.$###...$#.p#*#.p
*,,*,,,*#...##..p##...##..
*,,*,,**#b.bb#)=#*#...p#pp
*,,*,***#@bbb..#**#.p..CD#
*,,#.....####....,,**##.p.
*,..#....***,o#..,,**#..#p
*,,,##...**,,,**.,,*#...##
*,,,*##..*,,,,***,,#....##
*,,,**##.,,,,,* **......#
*,,,,,,.#********########*
*,,,,,,.,,,,,,,,,,,,,,,,,,
*,,,,,,,,,,,,,,,,,,,,,,,,,


You could see a shadow dragon, an orc warlord, a storm dragon, a fire giant, a
lich, 3 vault guards and an ironbrand convoker.

Vanquished Creatures
  Kirke (D:14)
  2 frost giants
  4 vault wardens
  2 fire giants
  A ghost moth (Spider:3)
  An orc warlord (Vaults:1)
  2 deep elf sorcerers (Vaults:2)
  5 emperor scorpions (Spider:3)
  2 ironheart preservers
  An entropy weaver (Spider:1)
  A war gargoyle (Vaults:2)
  3 stone giants (Vaults:2)
  A deep elf death mage (Vaults:2)
  Snorg (D:11)
  An ettin (Vaults:2)
  A fire dragon (Vaults:1)
  Josephine (D:11)
  2 ogre magi (D:14)
  3 yaktaur captains (Vaults:2)
  A hydra (D:11)
  An ice dragon (Vaults:2)
  7 centaur warriors
  17 two-headed ogres
  Erica (D:10)
  A death knight (D:14)
  A deep troll shaman (Vaults:2)
  2 tengu warriors
  Urug (D:14)
  An orc high priest (D:11)
  Nergalle (D:10)
  5 skeletal warriors
  3 deep elf knights
  3 shadow wraiths
  2 deep trolls
  4 deep elf archers (Vaults:2)
  6 harpies (Vaults:2)
  4 orc knights
  8 ironbrand convokers
  27 wolf spiders
  4 wizards
  An orc sorcerer (Orc:2)
  7 ugly things
  A manticore (D:10)
  3 cyclopes
  2 hornets
  10 deep elf magi
  2 moths of wrath
  A black mamba (D:10)
  A water nymph (shapeshifter) (Vaults:1)
  5 vault sentinels
  A faun (shapeshifter) (Vaults:1)
  16 orb spiders
  A torpor snail (Spider:1)
  4 gargoyles
  3 spiny frogs (D:11)
  3 rime drakes
  13 yaktaurs
  A redback zombie (D:14)
  10 demonic crawlers
  2 freezing wraiths (Vaults:2)
  23 jumping spiders
  A jumping spider (shapeshifter) (Vaults:2)
  7 trolls
  Grinder (D:7)
  3 blink frogs (D:14)
  A hornet zombie (D:13)
  7 slime creatures (D:15)
  A centaur simulacrum (D:15)
  3 vampires
  4 black mamba zombies
  18 tarantellas
  38 redbacks
  3 shadows
  3 wyverns
  19 yaks
  A fire bat (shapeshifter) (Vaults:1)
  5 wraiths
  A human (shapeshifter) (Vaults:2)
  2 fire elementals (D:14)
  5 angry ghosts
  2 hogs (D:14)
  2 wargs
  2 acid dragons
  2 water moccasins
  A spiny frog zombie (D:10)
  2 hell hounds (D:14)
  A swamp drake (D:15)
  2 ice beasts
  3 black bears
  34 orc warriors
  2 wasps
  17 ogres
  5 boggarts (Vaults:2)
  22 centaurs
  2 rime drake zombies
  A blink frog skeleton (D:11)
  2 wyvern skeletons
  4 scorpions
  15 killer bees
  3 crimson imps
  19 wights
  A howler monkey (D:4)
  2 electric eels (Spider:1)
  7 centaur zombies
  2 bullfrog zombies
  2 quasits
  7 centaur skeletons
  4 hounds
  6 jellies
  19 orc priests
  A bullfrog skeleton (D:4)
  3 gnoll shamans
  20 orc wizards
  5 worker ants
  2 iguanas
  A killer bee zombie (D:10)
  3 hound skeletons
  A mummy (D:7)
  Samantha (D:2)
  17 gnolls
  4 adders
  A shadow imp (D:7)
  2 dart slugs
  71 orcs
  9 quokkas
  2 ball pythons (D:3)
  A bat zombie (D:6)
  3 giant cockroaches
  15 goblins
  16 hobgoblins
  17 jackals
  11 bats
  9 frilled lizards
  6 kobolds
  7 rats
  A rat zombie (D:6)
790 creatures vanquished.

Vanquished Creatures (collateral kills)
  Nikola (Vaults:1)
  Rupert (Orc:2)
  A vault warden (Vaults:2)
  2 emperor scorpions (Spider:3)
  3 ironheart preservers
  Azrael (D:14)
  A spark wasp (Spider:2)
  A yaktaur captain (Vaults:1)
  3 ogre magi
  4 two-headed ogres
  A tengu warrior (D:13)
  A deep elf knight (Vaults:2)
  4 skeletal warriors
  An unseen horror (D:15)
  6 deep trolls
  An ironbrand convoker (Vaults:1)
  3 wolf spiders
  3 deep elf magi
  A moth of wrath (Spider:3)
  2 ugly things
  A centaur zombie (D:9)
  A manticore (D:13)
  2 vault sentinels (Vaults:2)
  2 orb spiders
  A centaur skeleton (D:14)
  4 yaktaurs (Vaults:1)
  2 trolls
  3 jumping spiders
  2 blink frogs (D:14)
  A tarantella (Spider:2)
  3 yaks (D:11)
  2 redbacks (Spider:3)
  A wraith (D:11)
  A hog (D:14)
  A steam dragon (D:13)
  A warg (Vaults:1)
  2 hell hounds (D:14)
  A spiny frog skeleton (D:8)
  2 orc warriors (Orc:2)
  2 centaurs
  2 ogres
  An orc wizard (Orc:1)
  2 orc priests
  11 orcs
92 creatures vanquished.

Vanquished Creatures (others)
  A yaktaur (Vaults:1)
  A jumping spider (Spider:2)
  2 redbacks (Spider:3)
  A centaur (Vaults:1)
  2 orcs
  2 fungi (D:11)
9 creatures vanquished.

Grand Total: 891 creatures vanquished

Notes
Turn   | Place    | Note
-------+----------+-------------------------------------------
     0 | D:1      | Thrkk the Demonspawn Torpor Knight began the quest for the Orb.
     0 | D:1      | Reached XP level 1. HP: 16/16 MP: 2/2
   118 | D:1      | Gained mutation: You have sharp fingernails. [demonic ancestry]
   118 | D:1      | Reached XP level 2. HP: 17/22 MP: 4/4
   630 | D:1      | Reached ** piety under Cheibriados
   778 | D:1      | Reached XP level 3. HP: 20/27 MP: 5/5
  1117 | D:2      | Noticed Samantha
  1133 | D:2      | Killed Samantha
  1256 | D:2      | Reached *** piety under Cheibriados
  1264 | D:2      | Reached XP level 4. HP: 30/33 MP: 7/7
  1746 | D:2      | Found a faded altar of an unknown god.
  1960 | D:3      | Reached skill level 5 in Invocations
  2058 | D:3      | Found a white marble altar of Elyvilon.
  2080 | D:3      | Reached **** piety under Cheibriados
  2086 | D:3      | Reached XP level 5. HP: 32/38 MP: 10/10
  2086 | D:3      | Reached XP level 6. HP: 37/44 MP: 11/11
  2201 | D:3      | Found a shadowy altar of Dithmenos.
  2406 | D:3      | Reached skill level 5 in Unarmed Combat
  2530 | D:3      | Found a sacrificial altar of Ru.
  2737 | D:3      | Found a bloodstained altar of Trog.
  2738 | D:3      | Found a glowing golden altar of the Shining One.
  2739 | D:3      | Found a stormy altar of Qazlal.
  2739 | D:3      | Found a sparkling altar of Nemelex Xobeh.
  2739 | D:3      | Found a shimmering altar of Xom.
  2739 | D:3      | Found a viscous altar of Jiyva.
  2739 | D:3      | Found an opulent altar of Gozag.
  2740 | D:3      | Found a basalt altar of Yredelemnul.
  2742 | D:3      | Found a glowing silver altar of Zin.
  2744 | D:3      | Found a shadowy altar of Dithmenos.
  2856 | D:4      | Reached skill level 1 in Shields
  2856 | D:4      | Gained mutation: You are partially covered in rugged brown scales. (AC +1, +3% HP) [demonic ancestry]
  2856 | D:4      | Reached XP level 7. HP: 27/51 MP: 13/13
  3319 | D:4      | Found an ornate altar of the Wu Jian Council.
  3558 | D:5      | Entered Level 5 of the Dungeon
  3582 | D:5      | Reached XP level 8. HP: 56/57 MP: 15/15
  4118 | D:5      | Found a deep blue altar of Sif Muna.
  4159 | D:5      | Found a snail-covered altar of Cheibriados.
  4167 | D:5      | Found a burning altar of Makhleb.
  4179 | D:5      | Found a radiant altar of Vehumet.
  4182 | D:5      | Found a hide-covered altar of Uskayaw.
  4354 | D:5      | Reached ***** piety under Cheibriados
  4789 | D:6      | Found an ancient bone altar of Kikubaaqudgha.
  4999 | D:6      | Reached skill level 5 in Shields
  5171 | D:6      | Found a corrupted altar of Lugonu.
  5525 | D:7      | Gained mutation: A weak demonic guardian rushes to your aid. [demonic ancestry]
  5525 | D:7      | Reached XP level 9. HP: 39/62 MP: 18/18
  5612 | D:7      | Found a shimmering altar of Xom.
  5907 | D:7      | Noticed Grinder
  5909 | D:7      | Paralysed by Grinder for 4 turns
  5935 | D:7      | Reached skill level 10 in Invocations
  5953 | D:7      | Killed Grinder
  6181 | D:7      | Found an iron altar of Okawaru.
  6203 | D:7      | Got the Disquisition on the Birds and the Mountains
  6205 | D:7      | Learned a level 1 spell: Summon Butterflies
  6206 | D:7      | Learned a level 4 spell: Cause Fear
  6620 | D:8      | Noticed a two-headed ogre
  6628 | D:8      | Killed a two-headed ogre
  6628 | D:8      | Reached skill level 3 in Fighting
  6628 | D:8      | Reached XP level 10. HP: 52/72 MP: 20/20
  6726 | D:8      | Noticed a two-headed ogre
  6735 | D:8      | Killed a two-headed ogre
  6735 | D:8      | Reached skill level 4 in Fighting
  7961 | D:9      | Reached skill level 5 in Fighting
  8196 | D:9      | Reached skill level 5 in Armour
  8732 | D:10     | Entered Level 10 of the Dungeon
  8801 | D:10     | Reached skill level 6 in Fighting
  8801 | D:10     | Gained mutation: You have very sharp fingernails. [demonic ancestry]
  8801 | D:10     | Reached XP level 11. HP: 83/83 MP: 22/22
  8937 | D:10     | Noticed a two-headed ogre
  8938 | D:10     | Noticed Nergalle
  8942 | D:10     | Killed a two-headed ogre
  8948 | D:10     | Killed Nergalle
  9120 | D:10     | Reached skill level 7 in Fighting
  9205 | D:10     | Noticed Erica
  9218 | D:10     | Killed Erica
  9393 | D:10     | Noticed a tengu warrior
  9407 | D:10     | Killed a tengu warrior
  9686 | D:10     | Reached skill level 10 in Unarmed Combat
  9919 | D:11     | Noticed a deep elf mage
  9919 | D:11     | Noticed an orc high priest
  9921 | D:11     | Reached skill level 8 in Fighting
  9921 | D:11     | Killed a deep elf mage
  9925 | D:11     | Killed an orc high priest
  9925 | D:11     | Gained mutation: A demonic guardian rushes to your aid. [demonic ancestry]
  9925 | D:11     | Reached XP level 12. HP: 89/96 MP: 19/24
 10175 | D:11     | Noticed Snorg
 10188 | D:11     | Killed Snorg
 10378 | D:11     | Reached skill level 9 in Fighting
 10580 | D:11     | Noticed Josephine
 10593 | D:11     | Killed Josephine
 10747 | D:11     | Noticed an eight-headed hydra
 10753 | D:11     | Killed an eight-headed hydra
 10943 | D:11     | Found a gateway to a bazaar.
 10947 | Bazaar   | Entered a bazaar
 10947 | Bazaar   | Found Liatwine's Antique Weapon Shop.
 10947 | Bazaar   | Found Awiggo Xure's Antique Armour Shop.
 10993 | Bazaar   | Found Xuzutup's General Store.
 11001 | Bazaar   | Bought a scroll of teleportation for 54 gold pieces
 11001 | Bazaar   | Bought a scroll of teleportation for 54 gold pieces
 11047 | D:12     | Reached skill level 1 in Dodging
 11220 | D:12     | Reached skill level 1 in Summonings
 11245 | D:12     | Reached ****** piety under Cheibriados
 11333 | D:12     | Found a gateway to a bazaar.
 11530 | D:12     | Reached skill level 10 in Fighting
 11555 | D:12     | Found a deep blue altar of Sif Muna.
 12173 | D:13     | Noticed a two-headed ogre
 12179 | D:13     | Killed a two-headed ogre
 12260 | D:13     | Noticed a two-headed ogre
 12266 | D:13     | Killed a two-headed ogre
 12266 | D:13     | Gained mutation: You regenerate a little health from kills. [demonic ancestry]
 12266 | D:13     | Reached XP level 13. HP: 68/106 MP: 29/29
 12664 | D:13     | Reached skill level 10 in Armour
 12744 | D:13     | Reached skill level 5 in Summonings
 12866 | D:13     | Reached skill level 5 in Dodging
 13269 | D:14     | Noticed Urug
 13278 | D:14     | Killed Urug
 13461 | D:14     | Gained mutation: You have claws for hands. [demonic ancestry]
 13461 | D:14     | Reached XP level 14. HP: 20/113 MP: 25/31
 13595 | D:14     | Noticed Azrael
 14015 | D:14     | Killed Azrael
 14291 | D:14     | Paralysed by an ogre mage for 6 turns
 14419 | D:14     | Noticed Kirke
 14440 | D:14     | Killed Kirke
 14621 | D:14     | Found a glowing golden altar of the Shining One.
 14647 | D:15     | Entered Level 15 of the Dungeon
 14666 | D:15     | Learned a level 5 spell: Aura of Abjuration
 14667 | D:15     | Learned a level 4 spell: Summon Ice Beast
 14762 | D:15     | Reached skill level 1 in Ice Magic
 15006 | D:15     | Found a staircase to the Orcish Mines.
 15340 | D:15     | Found a staircase to the Depths.
 15340 | D:15     | Noticed a fire giant
 15490 | Orc:1    | Entered Level 1 of the Orcish Mines
 16006 | Orc:2    | Entered Level 2 of the Orcish Mines
 16006 | Orc:2    | Found a staircase to the Slime Pits.
 16008 | Orc:2    | Noticed Rupert
 16016 | Orc:2    | Killed Rupert
 16016 | Orc:2    | Reached XP level 15. HP: 64/118 MP: 30/34
 16628 | Orc:2    | Found a hole to the Spider Nest.
 16736 | Orc:2    | Found a gateway to a bazaar.
 16985 | Bazaar   | Bought a +3 chain mail of poison resistance for 987 gold pieces
 17040 | Spider:1 | Entered Level 1 of the Spider Nest
 17293 | Spider:1 | Got Coakil's Compendium of the Birds and the Compass
 17705 | Spider:1 | Reached skill level 10 in Summonings
 18261 | Spider:2 | Reached skill level 10 in Shields
 19063 | Spider:3 | Entered Level 3 of the Spider Nest
 19285 | Spider:3 | Gained mutation: You are mostly covered in rugged brown scales. (AC +2, +5% HP) [demonic ancestry]
 19285 | Spider:3 | Reached XP level 16. HP: 112/129 MP: 36/36
 20061 | Spider:3 | Reached skill level 11 in Fighting
 20447 | Spider:3 | Found a gate to the Vaults.
 20568 | Spider:3 | Got a gossamer rune of Zot
 20632 | Vaults:1 | Entered Level 1 of the Vaults
 20721 | Vaults:1 | Noticed Nikola
 20956 | Vaults:1 | Reached skill level 12 in Fighting
 21469 | Vaults:1 | Killed Nikola
 22346 | Vaults:1 | Found a gateway to a bazaar.
 22830 | Bazaar   | Bought the ring "Ydam" {rCorr rPois rN+ Str-5 Int+9} for 657 gold pieces
 22833 | Bazaar   | Learned a level 6 spell: Shadow Creatures
 22902 | Vaults:2 | Reached skill level 13 in Fighting
 22927 | Vaults:2 | Gained mutation: You regenerate health from kills. [demonic ancestry]
 22927 | Vaults:2 | Reached XP level 17. HP: 72/142 MP: 37/40
 23801 | Vaults:2 | Reached skill level 14 in Fighting
 24476 | Vaults:2 | Found a gateway to a bazaar.
 24900 | Vaults:3 | Entered Level 3 of the Vaults
 24900 | Vaults:3 | Found a staircase to the Slime Pits.
 24900 | Vaults:3 | Found a staircase to the Depths.
 24929 | Vaults:3 | Noticed a lich
 24929 | Vaults:3 | Killed from afar by a storm dragon

Skill      XL: |  1  2  3  4  5  6  7  8  9 10 11 12 13 14 15 16 17 |
---------------+----------------------------------------------------+-----
Invocations    | 3 4 5 6 7 8 11 | 11.0
Unarmed Combat | 3 4 5 6 7 8 10 11 13 | 13.1
Shields        | 1 3 6 7 8 11 | 11.1
Armour         | 2 5 7 9 11 12 | 12.1
Fighting       | 3 6 8 10 13 14 | 14.7
Dodging        | 3 6 8 |  8.6
Summonings     | 3 7 8 11 13 | 13.5
Ice Magic      | 3 4 |  4.7

Action                   |  1- 3 |  4- 6 |  7- 9 | 10-12 | 13-15 | 16-18 || total
-------------------------+-------+-------+-------+-------+-------+-------++-------
Melee: Unarmed           |   159 |   159 |   423 |   508 |  1048 |   683 ||  2980
       Punch             |       |     1 |       |       |       |       ||     1
Throw: Javelin           |       |       |       |    19 |     6 |    13 ||    38
 Cast: Summon Butterflie |       |       |       |     1 |    11 |     9 ||    21
       Summon Ice Beast  |       |       |       |       |     5 |    18 ||    23
       Shadow Creatures  |       |       |       |       |       |     8 ||     8
Invok: Slouch            |       |     2 |     4 |     5 |    19 |    14 ||    44
       Temporal Distorti |       |       |       |       |     2 |       ||     2
       Step From Time    |       |       |       |       |       |     1 ||     1
Evoke: Wand              |       |       |       |       |     1 |     1 ||     2
       Phantom mirror    |       |       |       |       |       |     1 ||     1
  Use: Potion            |       |       |       |     2 |     1 |     8 ||    11
       Scroll            |       |       |       |       |     1 |    19 ||    20
 Stab: Distracted        |       |       |     1 |     3 |     8 |    10 ||    22
       Confused          |       |       |       |       |     2 |       ||     2
       Fleeing           |       |       |       |       |       |     1 ||     1
Armor: Plate armour      |   138 |   114 |   177 |   185 |   187 |       ||   801
       Skin              |       |       |       |     4 |       |       ||     4
       Chain mail        |       |       |       |       |   140 |    85 ||   225
       Fire dragon scale |       |       |       |       |       |   101 ||   101
Dodge: Dodged            |    37 |    47 |   139 |   198 |   992 |   455 ||  1868
Block: Buckler           |       |    25 |   106 |   198 |   601 |   345 ||  1275
       Shield            |       |       |    95 |       |       |       ||    95
